AoeStats
← ^8Fischy^3123

Golden Pit

510136459Analyzed
1v1 RM · 22h ago on Sep 29, 2026· 41m 44s· 2 players
Game mode
Random Map
Map size
Tiny (2 player)
Population
200
Speed
Normal
Resources
Standard
Victory
Conquest
Starting age
Dark Age
Ending age
Imperial Age
RankedLock teamsTeams togetherTeam positionsShared explorationLock speedFull tech treeHidden civsTurbo modeCheats
Victory
Defeat
🇺🇸 Lithuanians · United States
725
+33
🇩🇪 Koreans · Germany
702
-15
^8Fischy^3123
10:51 Feudal Age
11:23 Double-Bit Axe
21:13 Castle Age
22:16 Horse Collar
22:29 Gold Mining
24:51 Bow Saw
24:41 Fletching
25:19 Stone Mining
32:28 Heavy Plow
34:39 Gold Shaft Mining
37:52 Imperial Age
39:18 Forging
GlobalHawk
10:05 Feudal Age
8:20 Loom
12:23 Double-Bit Axe
16:09 Forging
16:05 Scale Barding Armor
18:07 Horse Collar
19:29 Wheelbarrow
22:33 Castle Age
22:06 Gold Mining
22:08 Stone Mining
22:13 Fletching
26:44 Bloodlines
27:23 Hand Cart
27:32 Husbandry
28:09 Iron Casting
27:54 Chain Barding Armor
28:07 Chain Barding Armor
36:53 Imperial Age
34:35 Bodkin Arrow
39:00 Plate Barding Armor
38:26 Bracer
38:32 Elite Leitis
Connection lost

Rejoining the realm…

Still unreachable

The connection could not be restored.

Session expired

The server has moved on; the page needs a fresh start.